 Dungeon Crawl Stone Soup version 0.22.0-49-gab54619674 (webtiles) character file.

861 JedernureinKreuz the Conjurer (level 7, -5/36 HPs)
             Began as a Deep Elf Conjurer on Sept 7, 2018.
             Killed by nerve-wracking pain
             ... invoked by an orc priest
              (9 damage)
             ... on level 4 of the Dungeon.
             The game lasted 00:22:55 (3547 turns).

JedernureinKreuz the Conjurer (Deep Elf Conjurer)   Turns: 3547, Time: 00:22:56

Health: -5/36      AC:  5    Str:  5    XL:     7   Next: 71%
Magic:  10/17      EV: 15    Int: 22    God:
Gold:   147        SH:  0    Dex: 15    Spells: 10/16 levels left

rFire    . . .     SeeInvis .   o - +2 quarterstaff (chaos)
rCold    + . .     Gourm    .   (shield currently unavailable)
rNeg     . . .     Faith    .   a - +0 robe
rPois    .         Spirit   .   (no helmet)
rElec    .         Reflect  .   g - +1 cloak
rCorr    .         Harm     .   (no gloves)
MR       .....                  v - +0 pair of boots (curse)
Stlth    +++.......             (no amulet)
HPRegen  0.12/turn              e - ring of protection from fire
MPRegen  0.15/turn              h - ring of ice

@: no status effects
A: no striking features
a: no special abilities


You were on level 4 of the Dungeon.
You were not hungry.

You visited 1 branch of the dungeon, and saw 4 of its levels.

You collected 147 gold pieces.

Inventory:

Hand Weapons
 d - a +0 short sword
 o - a +2 quarterstaff of chaos (weapon)
Armour
 a - a +0 robe (worn)
 g - a +1 cloak (worn)
 q - a +0 cloak
 v - a cursed +0 pair of boots (worn)
Jewellery
 e - a ring of protection from fire (left hand)
 h - a ring of ice (right hand)
 w - an uncursed amulet of the acrobat {unknown}
 z - an uncursed ring of poison resistance {unknown}
Wands
 r - a wand of polymorph (15)
Scrolls
 j - a scroll of immolation
 k - 2 scrolls of identify
 n - 2 scrolls of fog
 y - a scroll of teleportation
 A - a scroll of magic mapping {unknown}
Potions
 b - 2 potions of heal wounds {unknown}
 f - 2 potions of brilliance {unknown}
 i - a potion of agility {unknown}
 l - a potion of might {unknown}
 p - a potion of degeneration {unknown}
 s - 2 potions of flight
 t - a potion of invisibility {unknown}
 u - a potion of mutation {unknown}
 x - 2 potions of curing {unknown}
Comestibles
 c - 6 rations
 m - 5 chunks of flesh


   Skills:
 * Level 3.9 Short Blades
 + Level 2.0 Staves
 + Level 4.6 Dodging
 + Level 5.0 Stealth
 + Level 5.3 Spellcasting
 + Level 5.9 Conjurations
 + Level 2.6 Hexes


You had 10 spell levels left.
You knew the following spells:

 Your Spells              Type           Power        Failure   Level  Hunger
a - Magic Dart            Conj           ####         1%          1    None
b - Dazzling Spray        Conj/Hex       ###...       4%          3    ##.....
c - Apportation           Tloc           #.....       10%         1    None
d - Confusing Touch       Hex            ###...       3%          1    None

Your spell library contained the following spells:

 Spells                   Type           Power        Failure   Level  Hunger
 Searing Ray              Conj           ####..       1%          2    None
 Shock                    Conj/Air       ###.         3%          1    None
 Static Discharge         Conj/Air       ###.....     9%          3    ##.....
 Iskenderun's Mystic Bla  Conj           ####....     9%          4    ####...
 Animate Skeleton         Necr           N/A          10%         1    None
 Summon Small Mammal      Summ           #...         10%         1    None
 Swiftness                Chrm/Air       #.......     14%         2    None
 Fulminant Prism          Conj/Hex       ###.......   17%         4    ####...
 Force Lance              Conj/Tloc      ###.....     28%         4    ####...
 Lightning Bolt           Conj/Air       ###.......   63%         5    #####..
 Airstrike                Air            #.........   67%         4    ####...


Dungeon Overview and Level Annotations

Branches:
Dungeon (4/15)
 Temple: D:4-7

Altars:
Okawaru
The Shining One


Message History

Aiming: Magic Dart (safe; 1% risk of failure)
Press: ? - help, Shift-Dir - straight line, f/p - orc priest
Aim: an orc priest, wielding a flail and wearing a scale mail (heavily wounded)
The magic dart hits the orc priest.
The orc priest is almost dead.
The orc priest mumbles some strange prayers to Beogh against you.
Beogh smites you!
* * * LOW HITPOINT WARNING * * *
Casting: Magic Dart (safe; 1% risk of failure)
Confirm with . or Enter, or press ? or * to list all spells.
Aiming: Magic Dart (safe; 1% risk of failure)
Press: ? - help, Shift-Dir - straight line, f/p - orc priest
Aim: an orc priest, wielding a flail and wearing a scale mail (almost dead)
The magic dart hits the orc priest.
The orc priest is almost dead.
You barely miss the orc priest.
The orc priest is almost dead.
The orc priest invokes the aid of Beogh against you.
Pain shoots through your body!
You die...

.... .#.# #.# . ..
#.#.# .#.#.# . ....
...(.. ## .#.#.#
#.#.#.#.# #.###.#
O...............
......#
#.#.#.#.#.#.#.#.#oo.#..
................@# ..>#
.#.#.#.#.#.#.#.#.# #..#
................## #..#
#[#.#.#.#.#.#.#..###..#
[....(............##..#
.#.#.#.#.#.#.#.....#..#
#.)...................#
#[#[#.#.#.#.#......##.#
##...)............###.#


You could see an orc priest and an orc.

Vanquished Creatures
  A phantom (D:4)
  2 ogres (D:4)
  2 howler monkeys (D:4)
  2 orc priests (D:4)
  Crazy Yiuf (D:2)
  4 orc wizards
  A centaur skeleton (D:4)
  A worker ant (D:3)
  Natasha (thrice) (D:2)
  Robin (D:2)
  7 adders
  An ooze (D:1)
  4 worms
  3 dart slugs
  A leopard gecko (D:3)
  20 orcs
  2 giant cockroaches
  11 goblins
  5 hobgoblins (D:2)
  4 jackals (D:4)
  4 quokkas
  A ball python (D:3)
  11 bats
  2 frilled lizards
  10 kobolds
  9 rats
  A fungus (D:2)
114 creatures vanquished.

Notes
Turn   | Place    | Note
-------+----------+-------------------------------------------
     0 | D:1      | JedernureinKreuz the Deep Elf Conjurer began the quest for
                  | the Orb.
     0 | D:1      | Reached XP level 1. HP: 10/10 MP: 6/6
   165 | D:1      | Reached XP level 2. HP: 15/15 MP: 4/8
   778 | D:2      | Reached XP level 3. HP: 19/19 MP: 7/9
   800 | D:2      | Reached skill level 1 in Short Blades
   803 | D:2      | Found an iron altar of Okawaru.
  1316 | D:2      | Reached XP level 4. HP: 24/24 MP: 6/11
  1610 | D:2      | Reached skill level 5 in Conjurations
  1611 | D:2      | Noticed Robin
  1638 | D:2      | Killed Robin
  1786 | D:2      | Noticed Natasha
  1798 | D:2      | Learned a level 3 spell: Dazzling Spray
  1808 | D:2      | Killed Natasha
  1808 | D:2      | Reached XP level 5. HP: 28/28 MP: 6/13
  1889 | D:2      | Noticed Natasha
  1894 | D:2      | Killed Natasha
  2047 | D:2      | Found a runed door.
  2051 | D:2      | Noticed Crazy Yiuf
  2060 | D:2      | Killed Crazy Yiuf
  2153 | D:2      | Noticed Natasha
  2157 | D:2      | Killed Natasha
  2408 | D:3      | Reached skill level 1 in Hexes
  2408 | D:3      | Reached XP level 6. HP: 28/32 MP: 4/14
  2476 | D:3      | Found a glowing golden altar of the Shining One.
  2498 | D:3      | Learned a level 1 spell: Apportation
  2500 | D:3      | Learned a level 1 spell: Confusing Touch
  2951 | D:4      | Reached skill level 1 in Staves
  3013 | D:4      | Reached XP level 7. HP: 17/36 MP: 4/16
  3023 | D:4      | Reached skill level 5 in Spellcasting
  3498 | D:4      | Reached skill level 5 in Stealth
  3547 | D:4      | Killed from afar by an orc priest

Skill      XL: |  1  2  3  4  5  6  7 |
---------------+----------------------+-----
Short Blades   | 1 2 3 |  3.9
Stealth        | 3 4 5 |  5.0
Dodging        | 3 4 |  4.6
Conjurations   | 5 |  5.9
Spellcasting   | 4 5 |  5.3
Hexes          | 1 2 |  2.6
Staves         | 1 2 |  2.0

Action                   |  1- 3 |  4- 6 |  7- 9 || total
-------------------------+-------+-------+-------++-------
Melee: Unarmed           |     1 |       |       ||     1
       Short sword       |    10 |    44 |       ||    54
       Quarterstaff      |       |    49 |    23 ||    72
 Cast: Magic Dart        |    73 |   104 |    49 ||   226
       Dazzling Spray    |       |    13 |       ||    13
       Confusing Touch   |       |     1 |       ||     1
  Use: Scroll            |       |     8 |       ||     8
 Stab: Invisible         |       |     1 |       ||     1
       Sleeping          |       |     1 |       ||     1
  Eat: Chunk             |     1 |     6 |     2 ||     9
Armor: Robe              |     3 |    11 |     3 ||    17
Dodge: Dodged            |    13 |    57 |    13 ||    83
